 Dungeon Crawl Stone Soup version 0.25-a0-583-g696c2ac64d (webtiles) character file.

Game seed: 14171637088992183288, levelgen mode: deterministic

65 KiliKikkendorf the Slasher (level 3, 0/31 HPs)
             Began as a Minotaur Gladiator on Mar 8, 2020.
             Succumbed to an adder's poison
             ... on level 2 of the Dungeon.
             The game lasted 00:07:05 (1467 turns).

KiliKikkendorf the Slasher (Minotaur Gladiator)     Turns: 1467, Time: 00:07:05

Health: 0/31       AC:  5    Str: 19    XL:     3   Next: 92%
Magic:  2/2        EV: 11    Int:  5    God:
Gold:   42         SH:  3    Dex: 11    Spells: 2/2 levels left

rFire    . . .     SeeInvis .   a - +1 long sword
rCold    . . .     Gourm    .   e - +0 buckler
rNeg     . . .     Faith    .   g - +0 ring mail
rPois    .         Spirit   .   c - +0 hat
rElec    .         Reflect  .   (no cloak)
rCorr    .         Harm     .   (no gloves)
MR       .....                  (no boots)
Stlth    +.........             (no amulet)
HPRegen  0.10/turn              (no ring)
MPRegen  0.08/turn              (no ring)

@: lethally poisoned (0 -> -2)
A: retaliatory headbutt, horns 2
a: no special abilities


You were on level 2 of the Dungeon.
You were not hungry.

You visited 1 branch of the dungeon, and saw 3 of its levels.

You collected 42 gold pieces.

Inventory:

Hand Weapons
 a - a +1 long sword (weapon)
Missiles
 d - 3 throwing nets (quivered)
Armour
 c - a +0 hat (worn)
 e - a +0 buckler (worn)
 g - a +0 ring mail (worn)
Comestibles
 f - a chunk of flesh


   Skills:
 + Level 3.0 Fighting
 + Level 4.5 Long Blades
 - Level 2.1 Throwing
 * Level 1.4 Armour
 + Level 3.7 Dodging
 * Level 0.6 Shields
 * Level 0.3 Unarmed Combat


You had 2 spell levels left.
You didn't know any spells.
Your spell library was empty.

Dungeon Overview and Level Annotations

Branches:
Dungeon (3/15)

Altars:

Annotations:
D:3 Natasha


Innate Abilities, Weirdness & Mutations

You reflexively headbutt those who attack you in melee.
You have a pair of horns on your head.


Message History

The adder barely misses you.
You climb downwards.
A bat and Natasha come into view.
Found a scroll labeled CONICK HIAJAY, a flail and 17 gold pieces.
Found a stone staircase leading down.
There is a stone staircase leading up here.
You slash the adder!
You kill the adder!
The bat barely misses you. You furiously retaliate!
You headbutt the bat.
You kill the bat!
You climb upwards.
* * * LOW HITPOINT WARNING * * *
You feel sick.
There is a stone staircase leading down here.
The worm misses you. You furiously retaliate!
You headbutt the worm, but do no damage.
You see here 23 stones.
* * * LOW HITPOINT WARNING * * *
You feel sick.
You die...

#.# ## #.##.. #.##.#
#.##.# ######.##.#
##>(..w..#.#
#....##....####.#.
#.................
#....##.#.@####.#
#######....##.#..#
#.........###.##.##
#.........# #.##..#
#.........# #.##..#
#.........# #.##..#
#.........+ .....#
#.........#######.###
#.....†...'....÷....#


You could see a worm.

Vanquished Creatures
  4 adders
  An ooze (D:1)
  A worm (D:2)
  A leopard gecko (D:1)
  A giant cockroach (D:1)
  2 hobgoblins (D:1)
  2 ball pythons
  4 bats
  A frilled lizard (D:2)
  A goblin (D:1)
  4 kobolds (D:1)
  4 rats (D:1)
  8 fungi (D:1)
  7 plants (D:1)
41 creatures vanquished.

Notes
Turn   | Place    | Note
-------+----------+-------------------------------------------
     0 | D:1      | KiliKikkendorf the Minotaur Gladiator began the quest for
                  | the Orb.
     0 | D:1      | Reached XP level 1. HP: 18/18 MP: 0/0
   772 | D:1      | Reached XP level 2. HP: 22/25 MP: 1/1
  1140 | D:1      | Reached skill level 4 in Long Blades
  1328 | D:2      | Reached skill level 1 in Armour
  1328 | D:2      | Reached XP level 3. HP: 30/30 MP: 2/2
  1456 | D:3      | Noticed Natasha
  1459 | D:2      | HP: 1/31 [poisoned by an adder]
  1467 | D:2      | Succumbed to an adder's poison

Levels and vault maps discovered:
D:1:      dpeg_arrival_water_fire, layout_loops_ring
D:2:      layout_basic
D:3:      layout_rooms, first_ration, hellmonk_ghost_happy_afterlife, uniq_ijyb,
          uniq_natasha

Skill      XL: |  1  2  3 |
---------------+----------+-----
Long Blades    | 4 |  4.5
Armour         | 1 |  1.4
Fighting       | 3 |  3.0
Throwing       | |  2.1
Dodging        | |  3.7
Shields        | |  0.6
Unarmed Combat | |  0.3

Action                   || total
-------------------------++-------
Melee: Long sword        ||   251
       Headbutt          ||    77
  Use: Potion            ||     2
       Scroll            ||     4
  Eat: Ration            ||     1
Armor: Leather armour    ||    16
       Ring mail         ||     1
Dodge: Dodged            ||    30
Block: Buckler           ||     7
       Rpst.: Long sword ||    10

Table legend:
 A = Non-vault XP
 B = Vault XP
 C = Vault XP percentage of total XP
 D = Non-vault monster count
 E = Vault monster count
 F = Vault count percentage of total count
                 A         B        C        D         E       F
            +---------+---------+-------+---------+---------+-------
      Total |      93 |       0 |   0.0 |      26 |       0 |   0.0
            +---------+---------+-------+---------+---------+-------
        D:1 |      30 |       0 |   0.0 |      18 |       0 |   0.0
        D:2 |      48 |       0 |   0.0 |       6 |       0 |   0.0
        D:3 |      15 |       0 |   0.0 |       2 |       0 |   0.0
            +---------+---------+-------+---------+---------+-------
